 Dungeon Crawl Stone Soup version 0.18.1-48-g4cf74bf (webtiles) character file.

1074 nikopol the Skirmisher (level 8, -4/71 HPs)
             Began as a Minotaur Berserker on July 16, 2016.
             Was a Priest of Trog.
             Killed from afar by an orc wizard (10 damage)
             ... with a magic dart
             ... on level 5 of the Dungeon.
             The game lasted 00:13:19 (4059 turns).

nikopol the Skirmisher (Minotaur Berserker)         Turns: 4059, Time: 00:13:20

Health: -4/71      AC:  8    Str: 22    XL:     8   Next: 7%
Magic:  7/7        EV: 12    Int:  4    God:    Trog [***...]
Gold:   161        SH:  0    Dex: 12    Spells: 0 memorised, 7 levels left

rFire  . . .     SeeInvis .     a - +0 spear
rCold  . . .     Gourm    .     t - +0 scale mail
rNeg   . . .     Faith    .     (no shield)
rPois  .         Spirit   .     (helmet restricted)
rElec  .         Dismiss  .     (no cloak)
rCorr  .         Reflect  .     f - +0 pair of gloves
SustAt .         Harm     .     (no boots)
MR     ++...                    (no amulet)
Stlth  ..........               (no ring)
                                (no ring)

@: exhausted, regenerating, slowed, very slow, very resistant to hostile
enchantments, extremely unstealthy
A: retaliatory headbutt, horns 2
a: Berserk, Trog's Hand, Burn Spellbooks, Renounce Religion


You were on level 5 of the Dungeon.
You worshipped Trog.
Trog was most pleased with you.
You were hungry.

You visited 1 branch of the dungeon, and saw 5 of its levels.
You also visited: Ossuary.

You collected 161 gold pieces.

Inventory:

Hand Weapons
 a - a +0 spear (weapon)
Missiles
 u - 41 arrows
Armour
 b - a +0 animal skin
 f - a +0 pair of gloves (worn)
 t - a +0 scale mail (worn)
Rods
 q - a +1 rod of shadows (11/11)
   (You found it on level 3 of the Dungeon)
Jewellery
 g - an uncursed ring of fire {unknown}
Wands
 C - a wand of paralysis (19/24)
 D - a wand of digging (18/24)
Scrolls
 d - 2 scrolls of remove curse
 e - 2 scrolls of identify
 h - 4 scrolls of blinking {unknown}
 l - 2 scrolls of enchant armour {unknown}
 v - a scroll of amnesia {unknown}
 w - 3 scrolls of teleportation {unknown}
 y - a scroll of enchant weapon {unknown}
 z - a scroll of holy word {unknown}
Potions
 i - 6 potions of brilliance
 j - 2 potions of cure mutation {unknown}
 k - 2 potions of might {unknown}
 m - a potion of magic {unknown}
 n - a potion of lignification {unknown}
 p - 2 potions of agility {unknown}
 r - 2 potions of haste {unknown}
 s - a potion of heal wounds {unknown}
 x - 3 potions of curing {unknown}
 B - a potion of cancellation {unknown}
Comestibles
 c - 3 bread rations
 o - 2 chunks of flesh
 A - 2 meat rations


   Skills:
 + Level 6.9 Fighting
 + Level 6.4 Polearms
 + Level 6.2 Armour
 + Level 5.5 Dodging


You had 7 spell levels left.
You didn't know any spells.

Dungeon Overview and Level Annotations

Branches:
Dungeon (5/15)
 Temple: D:4-7

Altars:
Nemelex Xobeh


Innate Abilities, Weirdness & Mutations

You reflexively headbutt those who attack you in melee.
You have a pair of horns on your head.


Message History

Something hits you but does no damage.
The orc wizard points at you and mumbles some strange words.
The magic dart hits you!
You barely miss the orc wizard. Your headbutt misses the orc wizard.
The orc wizard is severely wounded.
The orc wizard is no longer moving quickly.
The orc wizard casts a spell.
The orc wizard blinks!
Something hits you but does no damage. x2
A magic dart appears from out of thin air!
The magic dart hits you!
The orc wizard gestures wildly while chanting.
The orc wizard blinks!
A magic dart appears from out of thin air!
The magic dart hits you!
* * * LOW HITPOINT WARNING * * *
The orc wizard mumbles some strange words.
The orc wizard seems to speed up.
The orc wizard points at you and mumbles some strange words.
The magic dart hits you!
You die...

#### . ..# ..# #.#
.... ##.#####
#....####......#
#.### #.........<.#
......#####........#
#.....).{..@...o...#
#.########.##......#
...##......#
######......#
#......# #......#
#....... .........
##.........


You could see an orc wizard.

Vanquished Creatures
  The ghost of Typee the Sneak, a novice OpCj (D:5)
  The ghost of Typee the Sneak, an amateur OpWz (D:4)
  An ogre (D:4)
  An elf zombie (Ossuary)
  An orc priest (D:3)
  4 centaur zombies (Ossuary)
  A giant frog skeleton (D:4)
  Ijyb (D:3)
  A worker ant (D:4)
  3 big kobold zombies (Ossuary)
  An ogre zombie (Ossuary)
  7 mummies (Ossuary)
  3 gnolls (D:4)
  6 adders
  An ooze (D:2)
  3 adder zombies (Ossuary)
  3 dart slugs
  4 giant geckos
  4 orcs
  2 ball pythons
  4 bats
  3 giant cockroaches
  A gnoll zombie (Ossuary)
  9 goblins
  7 hobgoblins
  3 jackals (D:1)
  12 kobolds
  2 quokkas
  A giant gecko skeleton (D:4)
  3 giant newts
  5 goblin zombies (Ossuary)
  A hobgoblin zombie (Ossuary)
  4 kobold zombies (Ossuary)
  2 orc zombies (Ossuary)
  3 quokka zombies (Ossuary)
  7 rats
  2 rat zombies (Ossuary)
  2 fungi (D:1)
120 creatures vanquished.

Notes
Turn   | Place    | Note
--------------------------------------------------------------
     0 | D:1      | nikopol the Minotaur Berserker began the quest for the Orb.
     0 | D:1      | Reached XP level 1. HP: 19/19 MP: 0/0
    71 | D:1      | Reached XP level 2. HP: 26/27 MP: 1/1
   286 | D:1      | Reached ** piety under Trog
   712 | D:2      | Reached XP level 3. HP: 30/33 MP: 2/2
  1141 | D:2      | Found a sparkling altar of Nemelex Xobeh.
  1241 | D:2      | Reached XP level 4. HP: 41/41 MP: 3/3
  2135 | D:3      | Noticed Ijyb
  2146 | D:3      | Killed Ijyb
  2146 | D:3      | Reached XP level 5. HP: 46/47 MP: 4/4
  2304 | D:3      | Reached *** piety under Trog
  2496 | D:4      | Found a sand-covered staircase.
  2499 | Ossuary  | Entered an ossuary
  2558 | Ossuary  | Reached skill level 5 in Fighting
  2845 | Ossuary  | Reached XP level 6. HP: 53/56 MP: 5/5
  2890 | Ossuary  | Reached skill level 5 in Polearms
  2890 | Ossuary  | Reached skill level 5 in Armour
  3120 | Ossuary  | Reached XP level 7. HP: 39/62 MP: 6/6
  3377 | D:4      | Noticed Typee's ghost (amateur OpWz)
  3393 | D:4      | Killed Typee's ghost
  3790 | D:4      | Reached skill level 5 in Dodging
  3994 | D:5      | Entered Level 5 of the Dungeon
  4005 | D:5      | Noticed Typee's ghost (novice OpCj)
  4030 | D:5      | Killed Typee's ghost
  4030 | D:5      | Reached XP level 8. HP: 71/71 MP: 7/7
  4054 | D:5      | HP: 3/71 [orc wizard/magic dart (8)]
  4059 | D:5      | Killed from afar by an orc wizard

Skill      XL: |  1  2  3  4  5  6  7 |
---------------+----------------------+-----
Fighting       | 4 5 6 |  6.9
Armour         | 3 4 5 6 |  6.2
Polearms       | 4 5 6 |  6.4
Dodging        | 3 4 5 |  5.5

Action                   |  1- 3 |  4- 6 |  7- 9 || total
-------------------------+-------+-------+-------++-------
Melee: Spear             |   128 |   262 |   109 ||   499
       Headbutt          |    22 |    54 |    23 ||    99
Invok: Berserk           |       |     2 |     1 ||     3
       Trog's Hand       |       |       |     1 ||     1
  Use: Scroll            |       |     4 |       ||     4
 Stab: Sleeping          |     2 |     1 |       ||     3
  Eat: Chunk             |     1 |     4 |     3 ||     8
       Fruit             |       |     3 |     1 ||     4
       Beef jerky        |       |     1 |       ||     1
Armor: Animal skin       |    10 |     4 |       ||    14
       Scale mail        |       |    39 |    35 ||    74
Dodge: Dodged            |    41 |    80 |    40 ||   161
